 Dungeon Crawl Stone Soup version 0.19-a0-1049-g462a813 (webtiles) character file.

60 FitzyFitz the Changer (level 4, -2/32 HPs)
             Began as a Merfolk Transmuter on July 31, 2016.
             Slain by a goblin
             ... wielding a +0 club
             ... led by Robin
              (3 damage)
             ... on level 2 of the Dungeon.
             The game lasted 00:05:02 (2682 turns).

FitzyFitz the Changer (Merfolk Transmuter)          Turns: 2682, Time: 00:05:03

Health: -2/32      AC:  3    Str: 14    XL:     4   Next: 6%
Magic:  7/7        EV: 13    Int: 13    God:
Gold:   75         SH:  0    Dex: 14    Spells: 3 memorised, 1 level left

rFire  + . .     SeeInvis .     l - +0 spear
rCold  . . .     Gourm    .     b - +0 robe
rNeg   . . .     Faith    .     (no shield)
rPois  .         Spirit   .     (no helmet)
rElec  .         Dismiss  .     q - +0 cloak
rCorr  .         Reflect  .     (no gloves)
SustAt .         Harm     .     (no boots)
MR     .....                    (no amulet)
Stlth  +.........               t - +4 ring of strength
                                j - ring of protection from fire

@: about to teleport, flying, not resistant to hostile enchantments, very
unstealthy
A: change form in water, swift swim
a: no special abilities


You were on level 2 of the Dungeon.
You were not hungry.

You visited 1 branch of the dungeon, and saw 2 of its levels.

You collected 75 gold pieces.

Inventory:

Hand Weapons
 l - a +0 spear (weapon)
 n - a +0 rapier
Missiles
 a - 12 arrows
 e - 88 stones (quivered)
Armour
 b - a +0 robe (worn)
 f - a +0 leather armour
 q - a +0 cloak (worn)
Jewellery
 j - a ring of protection from fire (left hand)
 t - a +4 ring of strength (right hand)
 v - an uncursed ring of resist corrosion
Scrolls
 g - a scroll of amnesia {unknown}
 k - a scroll of enchant armour {unknown}
 m - 2 scrolls of identify
 p - a scroll of enchant weapon {unknown}
 r - a scroll of immolation {unknown}
 s - a scroll of fog {unknown}
Books
 c - a book of Changes

   Spells                             Type                      Level
   a - Beastly Appendage              Transmutation                1
   b - Sticks to Snakes               Transmutation                2
   c - Spider Form                    Transmutation/Poison         3
   d - Ice Form                       Ice/Transmutation            4
   e - Blade Hands                    Transmutation                5
Comestibles
 d - 2 bread rations
 i - a beef jerky
 w - 3 chunks of flesh


   Skills:
 - Level 1.1 Fighting
 + Level 2.3 Polearms
 - Level 2.6 Dodging
 - Level 3.8 Unarmed Combat
 - Level 2.0 Spellcasting
 + Level 4.3 Transmutations


You had one spell level left.
You knew the following spells:

 Your Spells              Type           Power        Failure   Level  Hunger
a - Beastly Appendage     Tmut           ##....       6%          1    ##.....
b - Sticks to Snakes      Tmut           ##......     10%         2    ###....
c - Spider Form           Tmut/Pois      #.........   34%         3    ####...


Dungeon Overview and Level Annotations

Branches:
Dungeon (2/15)

Altars:

Annotations:
D:2 Robin


Message History

The goblin barely misses you.
As you read the scroll labeled WYDAZA DYBEULIUTZ, it crumbles to dust.
It is a scroll of identify.
o - a scroll of teleportation The goblin barely misses you.
The goblin closely misses you.
Okay, then.
Unknown command.
As you read the scroll of teleportation, it crumbles to dust.
You feel strangely unstable. The goblin closely misses you.
The goblin hits you with a club.
* * * LOW HITPOINT WARNING * * *
You hit the goblin but do no damage. Your punch misses the goblin.
The goblin hits you with a club.
* * * LOW HITPOINT WARNING * * *
The goblin hits you with a club.
* * * LOW HITPOINT WARNING * * *
Robin roars a battlecry!
You barely miss the goblin. The goblin barely misses you.
The goblin hits you with a club.
You die...

#...........#.#
#...........#.#
#...........#.#
..g.....g.....#.#
..........g....#.#
...............#.#
...............#.#
.g...########'##g# ...g.
#.##@# #gg#g#
########.#g###
#........ggg.#
#.........g..#############
#.........>..............#
#............###########.#
#.........)..# #....<..#.#
#............# #.###.###.#


You could see Robin, 2 hobgoblins and 4 goblins.

Vanquished Creatures
  2 adders (D:2)
  2 oozes (D:1)
  A dart slug (D:1)
  2 giant geckos (D:1)
  A ball python (D:1)
  2 bats
  4 goblins
  4 hobgoblins
  6 kobolds
  A giant newt (D:2)
  4 rats
29 creatures vanquished.

Vanquished Creatures (others)
  A bat (D:1)
1 creature vanquished.

Grand Total: 30 creatures vanquished

Notes
Turn   | Place    | Note
-------+----------+-------------------------------------------
     0 | D:1      | FitzyFitz the Merfolk Transmuter began the quest for the Orb.
     0 | D:1      | Reached XP level 1. HP: 15/15 MP: 3/3
   101 | D:1      | Reached skill level 3 in Transmutations
   101 | D:1      | Reached XP level 2. HP: 9/21 MP: 5/5
   708 | D:1      | You fall through a shaft!
   752 | D:2      | Reached skill level 1 in Polearms
   752 | D:2      | Reached XP level 3. HP: 13/26 MP: 6/6
  1416 | D:2      | Noticed Robin
  1871 | D:1      | Reached skill level 4 in Transmutations
  2511 | D:2      | Reached XP level 4. HP: 24/32 MP: 5/7
  2593 | D:2      | Learned a level 2 spell: Sticks to Snakes
  2597 | D:2      | Learned a level 3 spell: Spider Form
  2681 | D:2      | HP: 1/32 [goblin/club[Robin] (6)]
  2682 | D:2      | Slain by a goblin

Vault maps used:
D:1:      erik_arrival_gehennom, serial_forest, infiniplex_forest_diagonal,
          infiniplex_forest_end_1, infiniplex_forest_lined_corner,
          infiniplex_forest_lined_2, infiniplex_forest_clump_curved,
          infiniplex_forest_clump_double, infiniplex_forest_straight_4,
          infiniplex_forest_diagonal, infiniplex_forest_clump_curved,
          infiniplex_forest_zigzag_1
D:2:      vehumet_crystals, first_bread, uniq_robin

Skill      XL: |  1  2  3 |
---------------+----------+-----
Transmutations | 3 4 |  4.3
Polearms       | 1 2 |  2.3
Fighting       | |  1.1
Dodging        | |  2.6
Unarmed Combat | |  3.8
Spellcasting   | |  2.0

Action                   |  1- 3 |  4- 6 || total
-------------------------+-------+-------++-------
Melee: Unarmed           |    35 |       ||    35
       Spear             |   147 |    13 ||   160
       Headbutt          |     5 |       ||     5
       Punch             |     5 |       ||     5
Throw: Stone             |     5 |       ||     5
 Cast: Beastly Appendage |     7 |       ||     7
  Use: Scroll            |       |     2 ||     2
       Potion            |       |     2 ||     2
  Eat: Chunk             |     2 |       ||     2
       Meat ration       |     1 |       ||     1
Armor: Robe              |    30 |     3 ||    33
Dodge: Dodged            |    79 |    19 ||    98
